 Dungeon Crawl Stone Soup version 0.30.1-6-gbe392663c4 (webtiles) character file.

Game seed: 1443439758665420074

7140 Dolphin721k the Cleaver (level 10, -10/181 HPs)
             Began as a Minotaur Fighter on Sept 21, 2023.
             Was a Follower of Hepliaklqana.
             Mangled by a shadow (22 damage)
             ... on level 11 of the Dungeon.
             The game lasted 00:43:49 (8556 turns).

Dolphin721k the Cleaver (Minotaur Fighter)          Turns: 8556, Time: 00:43:50

Health: -10/181    AC: 25    Str: 22 (23) XL:     10   Next: 85%
Magic:  9/9        EV:  2    Int:  4 (5)  God:    Hepliaklqana [*.....]
Gold:   295        SH:  5    Dex:  9 (12) Spells: 9/9 levels left

rFire   x . .        I - +8 rapier "Yhezobb" {heavy, rF- Will+++ rCorr Stlth+}
rCold   . . .        c - +0 buckler
rNeg    . . .        G - melded +1 chain mail {rC+}
rPois   +            (helmet currently unavailable)
rElec   .            (cloak currently unavailable)
rCorr   +            b - melded +0 pair of gloves
SInv    .            (boots currently unavailable)
Will    +++..        r - amulet of the acrobat Stlth
                     (no ring)
HPRegen 0.50/turn    (no ring)
MPRegen 0.11/turn

%: acrobat
@: brilliant, berserking, tree-form, marked, studying 2 skills, very quick
A: stationary, stasis, torment immunity, boosted hp, reduced essence, (horns 2),
(retaliatory headbutt)
a: Renounce Religion, Recall Ancestor, Ancestor Identity


You were on level 11 of the Dungeon.
You worshipped Hepliaklqana.
Hepliaklqana was aware of your devotion.
You were a tree.
You visited 2 branches of the dungeon, and saw 11 of its levels.

You collected 527 gold pieces.
You spent 232 gold pieces at shops.

Inventory:

Hand Weapons
 a - a +0 war axe
 x - a +0 heavy hand axe
 C - a +0 antimagic hand axe
 I - the +8 rapier "Yhezobb" (weapon) {heavy, rF- Will+++ rCorr Stlth+}
   (You found it on level 7 of the Dungeon)

   rF:        It makes you vulnerable to fire.
   rCorr:     It protects you from acid and corrosion.
   Will:      It greatly increases your willpower.
   Stlth:     It makes you more stealthy.
Armour
 b - a +0 pair of gloves (melded)
 c - a +0 buckler (worn)
 G - a +1 chain mail of cold resistance (melded)
 M - a +2 pair of boots of stealth
Jewellery
 r - an amulet of the acrobat (around neck)
Wands
 l - a wand of flame (15)
 F - a wand of digging (7)
Scrolls
 e - 2 scrolls of enchant armour {unknown}
 f - 2 scrolls of brand weapon
 g - 3 scrolls of magic mapping
 j - a scroll of silence
 t - 2 scrolls of acquirement
 w - a scroll of poison
 D - 3 scrolls of enchant weapon
 J - a scroll of noise {unknown}
 K - a scroll of fog {unknown}
Potions
 d - a potion of might
 h - a potion of brilliance
 i - 3 potions of attraction
 n - a potion of lignification
 p - a potion of curing
 s - 2 potions of haste
 u - a potion of degeneration
 v - a potion of heal wounds {unknown}
 z - a potion of invisibility {unknown}
 A - a potion of flight
 B - a potion of resistance {unknown}
 E - a potion of magic {unknown}
 H - a potion of berserk rage


   Skills:
 + Level 9.1 Fighting
 + Level 3.1 Short Blades
 + Level 13.2 Axes
 + Level 13.1 Armour
 + Level 2.6 Dodging
 + Level 1.0 Stealth
 + Level 7.6 Shields
 + Level 0.1 Evocations


You had 9 spell levels left.
You didn't know any spells.
Your spell library contained the following spells:

 Spells                   Type           Power      Damage    Failure   Level
 Beastly Appendage        Tmut           0%         N/A       54%         1
 Blink                    Tloc           0%         N/A       69%         2
 Cigotuvi's Dreadful Rot  Necr/Pois/Air  0%         N/A       69%         2
 Lesser Beckoning         Tloc           0%         N/A       69%         2
 Momentum Strike          Conj/Tloc      0%         3d8       69%         2
 Wereblood                Tmut           0%         N/A       69%         2
 Ignite Poison            Fire/Tmut/Pois 0%         N/A       89%         3
 Ozocubu's Armour         Ice            0%         N/A       89%         3
 Spider Form              Tmut/Pois      0%         N/A       89%         3
 Freezing Cloud           Conj/Ice/Air   0%         6-21      100%        5
 Metabolic Englaciation   Hex/Ice        0%         N/A       100%        5
 Simulacrum               Ice/Necr       0%         N/A       100%        6
 Ozocubu's Refrigeration  Ice            0%         4d7       100%        7
 Polar Vortex             Ice            0%         N/A       100%        9


Dungeon Overview and Level Annotations

Branches:
Dungeon (9/15)             Temple (0/1) D:5            Lair (1/5) D:8
    Orc: D:9-12

Altars:
Fedhas
Hepliaklqana
Nemelex Xobeh
Sif Muna
Uskayaw

Shops:
D:8 =*[

Annotations:
Lair:1 Maggie


Innate Abilities, Weirdness & Mutations

You are a tree.
Your roots penetrate the ground, keeping you stationary.
You cannot be teleported.
You are immune to unholy pain and torment.
Your maximum health is greatly increased.
Your equipment is partially melded.
Your life essence is reduced to manifest your ancestor. (-10% HP)
((You have a pair of horns on your head.))
((You reflexively headbutt those who attack you in melee.))


Message History

A shadow comes into view.
The shadow slips into darkness.
The shadow flickers and vanishes!
Deactivating autopickup; reactivate with Ctrl-A.
You block the two-headed ogre's attack. The two-headed ogre barely misses you.
The two-headed ogre completely misses you.
The two-headed ogre hits you with a +0 dire flail.
* * * LOW HITPOINT WARNING * * *
An acid dragon comes into view.
The shadow strikes at you from the darkness!
* * * LOW HITPOINT WARNING * * *
Reactivating autopickup.
You turn into a tree.
Your +0 pair of gloves melds into your body.
Your +1 chain mail of cold resistance melds into your body.
You feel less resistant to cold.
Your roots penetrate the ground.
The shadow hits you.
You feel better. The acid dragon barely misses you.
The acid dragon claws you but does no damage.
The shadow hits you.
* * * LOW HITPOINT WARNING * * *
It was a potion of flight.
Your roots keep you in place.
The acid dragon bites you!
* * * LOW HITPOINT WARNING * * *
You block the acid dragon's attack. The shadow hits you.
It was a potion of berserk rage.
A red film seems to cover your vision as you go berserk!
You feel yourself moving faster!
You feel mighty!
The acid dragon bites you but does no damage.
The acid dragon claws you but does no damage.
The shadow slips into darkness.
The shadow flickers and vanishes!
Deactivating autopickup; reactivate with Ctrl-A.
You cannot move.
You impale the acid dragon!!
The acid dragon is severely wounded.
The acid dragon bites you but does no damage.
The acid dragon claws you but does no damage.
The shadow strikes at you from the darkness!
You die...

##.............#
##...$.........#
##.............#
##.............#
''...[.........#
##.............#
##.............#
##########...#######.#
..# ###.HO{♣D...# ..#
########..# ..# ~~~
..+ ≈ ..# ..+


You could see a two-headed ogre, a manticore and an acid dragon.

Vanquished Creatures
  A boulder beetle (D:6)
  The ghost of baghtru the Cleaver, a novice HOFi of Okawaru (D:6)
  The ghost of leebro123 the Covert, a novice KoEn of Wu Jian (D:6)
  A deep elf pyromancer (D:7)
  An ugly thing (D:11)
  A kobold demonologist (D:7)
  Sigmund (D:6)
  A wyvern (D:7)
  A wraith (D:7)
  A steam dragon (D:8)
  3 vampire mosquitoes (D:11)
  4 water moccasins
  An orc warrior (D:7)
  3 sky beasts
  4 ice beasts
  2 black bears
  3 ogres
  5 centaurs
  A kobold brigand (D:7)
  4 bullfrogs
  4 scorpions
  A wight (D:7)
  A howler monkey (D:4)
  3 orc priests
  6 hounds
  2 jellies
  A gnoll bouda (D:7)
  Crazy Yiuf (D:5)
  Jessica (D:2)
  2 sleepcaps
  An iguana (D:4)
  5 orc wizards
  11 gnolls
  7 adders
  2 shadow imps
  3 white imps
  4 ufetubi
  4 worms
  2 dart slugs
  18 orcs
  9 endoplasms
  4 giant cockroaches
  7 goblins
  8 hobgoblins
  6 jackals
  9 kobolds
  5 quokkas
  7 ball pythons
  2 bats
  3 frilled lizards
  2 rats (D:2)
181 creatures vanquished.

Vanquished Creatures (others)
  An ancestor (D:7)
1 creature vanquished.

Grand Total: 182 creatures vanquished

Notes
Turn   | Place    | Note
-------+----------+-------------------------------------------
     0 | D:1      | Dolphin721k the Minotaur Fighter began the quest for the
                  | Orb.
     0 | D:1      | Reached XP level 1. HP: 19/19 MP: 0/0
   268 | D:1      | Reached XP level 2. HP: 27/27 MP: 1/1
   777 | D:2      | Reached XP level 3. HP: 33/33 MP: 2/2
  1048 | D:2      | Found a faded altar of an unknown god.
  1286 | D:2      | Noticed Jessica
  1290 | D:2      | Killed Jessica
  1291 | D:2      | Reached XP level 4. HP: 18/40 MP: 3/3
  1486 | D:2      | Reached skill level 1 in Dodging
  2229 | D:3      | Reached XP level 5. HP: 46/46 MP: 4/4
  2697 | D:4      | Reached skill level 5 in Axes
  2709 | D:4      | Noticed an ogre
  2714 | D:4      | Killed an ogre
  2715 | D:4      | Reached XP level 6. HP: 45/53 MP: 5/5
  2779 | D:4      | Reached skill level 5 in Armour
  2850 | D:4      | Identified a scroll of acquirement
  2887 | D:4      | Reached XP level 7. HP: 58/60 MP: 6/6
  3186 | D:4      | Found a blossoming altar of Fedhas.
  3238 | D:4      | Reached skill level 5 in Fighting
  3660 | D:5      | Entered Level 5 of the Dungeon
  3994 | D:5      | Found a staircase to the Ecumenical Temple.
  4004 | D:5      | Found a hazy altar of Hepliaklqana.
  4050 | D:5      | Became a worshipper of Hepliaklqana the Forgotten
  4181 | D:5      | Reached XP level 8. HP: 69/69 MP: 7/7
  4232 | D:5      | Reached skill level 5 in Shields
  4289 | D:5      | Found a runed translucent door.
  4290 | D:5      | Noticed Crazy Yiuf
  4294 | D:5      | Killed Crazy Yiuf
  4500 | D:6      | Reached skill level 10 in Axes
  4579 | D:6      | Found a runed translucent gate.
  4580 | D:6      | Found a runed translucent gate.
  4580 | D:6      | Found a runed translucent gate.
  4581 | D:6      | Noticed leebro123's ghost (novice KoEn)
  4581 | D:6      | Noticed baghtru's ghost (novice HOFi)
  4806 | D:6      | Noticed Sigmund
  4815 | D:6      | Killed Sigmund
  4863 | D:6      | Reached XP level 9. HP: 59/75 MP: 8/8
  5297 | D:6      | Killed baghtru's ghost
  5496 | D:6      | Killed leebro123's ghost
  5841 | D:7      | Reached skill level 10 in Armour
  6193 | D:7      | Noticed a deep elf pyromancer
  6203 | D:7      | Killed a deep elf pyromancer
  6204 | D:7      | Reached XP level 10. HP: 74/86 MP: 3/9
  6368 | D:7      | Noticed a boulder beetle
  6394 | D:7      | Noticed an orange demon
  6576 | D:7      | Found a sparkling altar of Nemelex Xobeh.
  6691 | D:7      | Reached * piety under Hepliaklqana
  6888 | D:7      | HP: 3/79 [boulder beetle (18)]
  7200 | D:6      | Killed a boulder beetle
  7323 | D:7      | Identified the +8 rapier "Yhezobb" {heavy, rF- Will+++
                  | rCorr Stlth+}
  7746 | D:8      | Found a shimmering blue altar of Sif Muna.
  7765 | D:8      | Found a hide-covered altar of Uskayaw.
  7793 | D:8      | Reached skill level 1 in Short Blades
  8034 | D:8      | Found Soulua's Antique Armour Boutique.
  8041 | D:8      | Bought a pair of glowing boots for 232 gold pieces
  8062 | D:8      | Found a staircase to the Lair.
  8116 | D:8      | Found Anoki's Jewellery Boutique.
  8127 | D:8      | Reached skill level 1 in Stealth
  8137 | D:8      | Found Icisokhua's General Store.
  8377 | Lair:1   | Entered Level 1 of the Lair of Beasts
  8377 | Lair:1   | Noticed Maggie
  8378 | Lair:1   | Noticed a black mamba
  8395 | D:9      | You fall into a shaft and drop 2 floors!
  8399 | D:11     | Noticed a purple ugly thing
  8411 | D:11     | Killed a purple ugly thing
  8413 | D:11     | HP: 2/81 [troll (5)]
  8523 | D:11     | Noticed a manticore
  8539 | D:11     | Noticed a two-headed ogre
  8556 | D:11     | Mangled by a shadow

Illustrated notes

Levels and vault maps discovered:
D:1:      dpeg_arrival_rhombi, layout_loops_ring
D:2:      layout_loops_corners, ebering_ecumenical_altar_mist,
          nicolae_elevator_lobby_plus, uniq_jessica
D:3:      layout_loops_corners, minmay_misc_feat_tiny
D:4:      layout_cave_pools, marbit_many_paths, serial_park, serial_park_paths
          [serial_park_minivault_5x5_3], serial_park_tiny_2, serial_park_tiny_2,
          serial_park_tiny_2, minmay_manual_mullet
D:5:      layout_cave_pools, mainiacjoe_overflow_alcove_4,
          minmay_temple_entry_overgrown, uniq_crazy_yiuf_cottage
D:6:      layout_basic, gammafunk_ghost_cemetery, uniq_sigmund
D:7:      nzn_winding_woodlands_three_and_one
          [nzn_winding_woodlands_5x15_garden,
          nzn_winding_woodlands_5x15_concentric,
          nzn_winding_woodlands_5x15_twine,
          nzn_winding_woodlands_center_triple_pond], layout_loops_ring,
          mainiacjoe_overflow_concentric_impassable
D:8:      layout_loops_ring, mainiacjoe_overflow_large_starburst,
          lair_entry_dummy, serial_shops, shop, shop, nicolae_shop_gaudy_bauble,
          serial_park_tiny_pond
D:9:      layout_cave_pools, enter_bailey_2
D:11:     layout_basic
Lair:1:   layout_chaotic_city, gammafunk_ghost_cemetery, guppyfry_lair_drakes,
          infiniplex_staircase_pool_2, uniq_urug, uniq_maggie

Skill      XL: |  1  2  3  4  5  6  7  8  9 10 |
---------------+-------------------------------+-----
Armour         | 4 5 6 7 11 13 | 13.1
Shields        | 4 6 7 |  7.6
Axes           | 3 4 5 7 8 10 12 13 | 13.2
Fighting       | 4 5 6 7 9 |  9.1
Dodging        | 1 2 |  2.6
Short Blades   | 3 |  3.1
Stealth        | 1 |  1.0
Evocations     | |  0.1

Action                     |  1- 3 |  4- 6 |  7- 9 | 10-12 || total
---------------------------+-------+-------+-------+-------++-------
  Melee: War axe           |    70 |   113 |   159 |       ||   342
         Headbutt          |     5 |    14 |    41 |    53 ||   113
         Hand axe          |       |       |   114 |   118 ||   232
         Rapier            |       |       |       |    51 ||    51
  Evoke: Wand              |       |       |     1 |       ||     1
    Use: Scroll            |       |     5 |     3 |     7 ||    15
         Potion            |       |       |       |     9 ||     9
 Armour: Scale mail        |    29 |       |       |       ||    29
         Chain mail        |     8 |     9 |       |    74 ||    91
         Plate armour      |       |    77 |   147 |    17 ||   241
         Skin              |       |       |       |     7 ||     7
  Dodge: Dodged            |    28 |    58 |   100 |    94 ||   280
  Block: Buckler           |    15 |    25 |    67 |    41 ||   148
